AoeStats
← 1horsepower

Arena

505659115Analyzed
2v2 RM · 23d ago on Sep 10, 2026· 48m 28s· 4 players
Game mode
Random Map
Map size
Medium (4 player)
Population
200
Speed
Normal
Resources
Standard
Victory
Conquest
Starting age
Dark Age
Ending age
Imperial Age
RankedLock teamsTeams togetherTeam positionsShared explorationLock speedFull tech treeHidden civsTurbo modeCheats
Victory
Defeat
🇹🇷 Teutons · Türkiye
788
+15
🇦🇷 Celts · Argentina
745
+16
🇮🇱 Persians · Israel
782
-16
🇷🇴 Turks · Romania
731
-15
Serget Alupigus
10:40 Feudal Age
11:05 Double-Bit Axe
11:13 Horse Collar
18:07 Gold Mining
18:12 Stone Mining
19:40 Wheelbarrow
21:33 Castle Age
21:19 Scale Mail Armor
21:25 Scale Barding Armor
21:50 Forging
23:51 Heavy Plow
24:03 Bow Saw
24:45 Gold Shaft Mining
28:42 Caravan
30:16 Hand Cart
35:55 Imperial Age
35:50 Husbandry
36:01 Bloodlines
37:47 Two-Man Saw
37:22 Ballistics
36:58 Murder Holes
37:28 Conscription
36:29 Elite Janissary
42:05 Cavalier
48:21 Treadmill Crane
1horsepower
0:28 Loom
10:00 Feudal Age
10:34 Double-Bit Axe
13:34 Horse Collar
18:46 Castle Age
16:51 Stone Mining
16:54 Gold Mining
21:44 Gold Shaft Mining
21:52 Heavy Plow
29:33 Imperial Age
29:34 Stone Shaft Mining
30:11 Bow Saw
32:17 Chemistry
31:40 Husbandry
31:01 Cavalier
32:33 Wheelbarrow
31:44 Town Watch
35:19 Two-Man Saw
35:07 Savar
36:47 Citadels
39:24 Pikeman
39:57 Elite War Elephant
40:06 Halberdier
Drogo
2:32 Loom
11:04 Feudal Age
11:55 Double-Bit Axe
13:52 Town Watch
16:37 Castle Age
17:05 Wheelbarrow
17:34 Bow Saw
17:16 Horse Collar
18:16 Heavy Plow
24:56 Stone Mining
26:56 Hand Cart
26:46 Town Patrol
27:16 Gold Mining
28:01 Stone Shaft Mining
31:00 Imperial Age
29:11 Caravan
29:41 Coinage
29:41 Scale Mail Armor
30:37 Pikeman
31:18 Squires
31:03 Arson
31:35 Scale Barding Armor
31:11 Cavalier
32:13 Chain Mail Armor
32:09 Forging
32:56 Crop Rotation
33:00 Conscription
33:52 Banking
33:41 Padded Archer Armor
33:31 Fletching
34:11 Crenellations
34:33 Guilds
35:55 Chemistry
35:09 Masonry
35:32 Ballistics
36:18 Bloodlines
36:02 Paladin
38:31 Plate Mail Armor
38:22 Chain Barding Armor
40:22 Iron Casting
nahuelbasylkiv
15:05 Feudal Age
13:21 Loom
15:28 Horse Collar
15:37 Double-Bit Axe
15:45 Gold Mining
15:49 Stone Mining
19:06 Man-at-Arms
25:19 Castle Age
23:58 Wheelbarrow
23:09 Town Watch
24:19 Forging
24:29 Scale Mail Armor
25:23 Pikeman
25:24 Long Swordsman
25:52 Gambesons
28:09 Bow Saw
30:41 Long Swordsman
33:12 Heavy Plow
33:30 Stronghold
35:17 Gold Shaft Mining
40:46 Town Patrol
Connection lost

Rejoining the realm…

Still unreachable

The connection could not be restored.

Session expired

The server has moved on; the page needs a fresh start.